 Dungeon Crawl Stone Soup version 0.23.2-33-g5129a83184 (webtiles) character file.

Game seed: 1746092583717781689

35 DildoBatman the Magician (level 3, -2/24 HPs)
             Began as a Formicid Wizard on July 22, 2019.
             Slain by a goblin (5 damage)
             ... led by Robin
             ... on level 2 of the Dungeon.
             The game lasted 00:03:23 (1262 turns).

DildoBatman the Magician (Formicid Wizard)          Turns: 1262, Time: 00:03:24

Health: -2/24      AC:  2    Str: 11    XL:     3   Next: 55%
Magic:  7/7        EV: 12    Int: 18    God:
Gold:   82         SH:  0    Dex:  9    Spells: 1/8 levels left

rFire    . . .     SeeInvis +   d - +0 spear
rCold    . . .     Gourm    .   (no shield)
rNeg     . . .     Faith    .   a - +0 robe
rPois    .         Spirit   .   (helmet unavailable)
rElec    .         Reflect  .   (no cloak)
rCorr    .         Harm     .   (no gloves)
MR       .....                  (no boots)
Stlth    ++........             (no amulet)
HPRegen  0.08/turn              (no ring)
MPRegen  0.10/turn              (no ring)

@: no status effects
A: permanent stasis, dig shafts and tunnels, four strong arms, antennae 3
a: Dig, Shaft Self


You were on level 2 of the Dungeon.
You were not hungry.

You visited 1 branch of the dungeon, and saw 2 of its levels.

You collected 82 gold pieces.

Inventory:

Hand Weapons
 d - a +0 spear (weapon)
Missiles
 g - 17 arrows
 i - 35 bolts
 k - 16 stones (quivered)
Armour
 a - a +0 robe (worn)
 p - a +0 pair of gloves
Wands
 o - a wand of paralysis (9)
Scrolls
 c - 4 scrolls of remove curse {unknown}
 f - a scroll of amnesia {unknown}
 h - 2 scrolls of fog {unknown}
 m - a scroll of identify {unknown}
 n - a scroll of fear {unknown}
Potions
 b - a potion of resistance {unknown}
 e - a potion of curing {unknown}
 l - a potion of flight {unknown}
Comestibles
 j - a chunk of flesh
 v - 2 rations


   Skills:
 - Level 1.0 Polearms
 - Level 1.7 Dodging
 - Level 2.4 Stealth
 - Level 3.2 Spellcasting
 * Level 2.6 Conjurations
   Level 1.0 Summonings
   Level 0.8 Translocations


You had one spell level left.
You knew the following spells:

 Your Spells              Type           Power        Failure   Level  Hunger
a - Conjure Flame         Conj/Fire      #.......     28%         3    ###....
c - Magic Dart            Conj           ##..         5%          1    None
e - Mephitic Cloud        Conj/Pois/Air  #.......     32%         3    ###....

Your spell library contained the following spells:

 Spells                   Type           Power        Failure   Level  Hunger
 Call Imp                 Summ           #.......     16%         2    ##.....
 Slow                     Hex            #.......     24%         2    ##.....
 Blink                    Tloc           Unusable     N/A         2    N/A

Dungeon Overview and Level Annotations

Branches:
Dungeon (2/15)

Altars:

Annotations:
D:1 exclusion: vampire, Natasha
D:2 1 exclusion, Robin


Innate Abilities, Weirdness & Mutations

You cannot be hasted, slowed, berserked, paralysed or teleported.
You can dig through walls and to a lower floor.
Your four strong arms can wield two-handed weapons with a shield.
You have a pair of large antennae on your head. (SInv)


Message History

A goblin comes into view.
You closely miss the goblin.
A leopard gecko comes into view.
The goblin closely misses you.
You closely miss the goblin. The goblin hits you.
A goblin comes into view. It is wielding a +0 club.
A goblin comes into view. It is wielding a +0 dagger.
The goblin hits you with a +0 club. Robin throws the goblin at you!
The goblin hits you.
You closely miss the goblin.
The goblin shouts!
The goblin hits you with a +0 dagger. The goblin hits you.
The goblin misses you.
A hobgoblin comes into view.
Robin throws the goblin at you! The goblin hits you.
You die... {g gg #...# . #{ #...## ## #. 8...8#{ .. .gl

## ####...# ## ..
..g.#8###8##)..##8##
(...g..g.)..........
......gggg..........
......gg@g.......... #
....#8###8##...##8## .
##########...## #.....#
#8...8# #.....# ##...## #
#.....# #...# #
#####.....####...## ###
###....####..##8...8#
#8###8#........#.###...##


You could see Robin, a leopard gecko (wandering), 2 hobgoblins and 8 goblins.

Vanquished Creatures
  4 dart slugs (D:1)
  A leopard gecko (D:1)
  6 bats
  3 goblins (D:1)
  4 hobgoblins
  2 kobolds (D:1)
  2 ball pythons
  A frilled lizard (D:1)
  5 rats
28 creatures vanquished.

Notes
Turn   | Place    | Note
-------+----------+-------------------------------------------
     0 | D:1      | DildoBatman the Formicid Wizard began the quest for the
                  | Orb.
     0 | D:1      | Reached XP level 1. HP: 13/13 MP: 4/4
     2 | D:1      | Noticed a merfolk
     4 | D:1      | Noticed an elf
     4 | D:1      | Noticed a vampire
     6 | D:1      | Noticed a felid
     8 | D:1      | Noticed a minotaur
     8 | D:1      | Noticed an octopode
    10 | D:1      | Noticed a human
    10 | D:1      | Noticed a halfling
    12 | D:1      | Noticed a centaur
    14 | D:1      | Noticed a spriggan
    14 | D:1      | Noticed a dwarf
    16 | D:1      | Noticed an ogre
    18 | D:1      | Noticed a demigod
    18 | D:1      | Noticed a tengu
    20 | D:1      | Noticed a naga
    20 | D:1      | Noticed a gargoyle
    22 | D:1      | Noticed a vine stalker
    22 | D:1      | Noticed a draconian
    24 | D:1      | Noticed a demonspawn
    24 | D:1      | Noticed a troll
    26 | D:1      | Noticed a formicid
    26 | D:1      | Noticed a ghoul
    32 | D:1      | Reached skill level 1 in Conjurations
   134 | D:1      | Reached XP level 2. HP: 19/19 MP: 3/6
   521 | D:1      | Reached XP level 3. HP: 14/24 MP: 0/7
   526 | D:1      | Learned a level 3 spell: Conjure Flame
   530 | D:1      | Learned a level 3 spell: Mephitic Cloud
   648 | D:1      | Reached skill level 1 in Polearms
  1015 | D:2      | Noticed Natasha
  1150 | D:2      | Noticed Robin
  1262 | D:2      | Slain by a goblin

Skill      XL: |  1  2  3 |
---------------+----------+-----
Conjurations   | 1 2 |  2.6
Polearms       | 1 |  1.0
Dodging        | |  1.7
Stealth        | |  2.4
Spellcasting   | |  3.2
Summonings     | |  1.0
Translocations | |  0.8

Action                   || total
-------------------------++-------
Melee: Unarmed           ||     1
       Spear             ||    17
 Cast: Magic Dart        ||    71
       Mephitic Cloud    ||     1
 Abil: Dig               ||     2
  Eat: Chunk             ||     1
Armor: Robe              ||     4
Dodge: Dodged            ||    28
